 Dungeon Crawl Stone Soup version 0.20.1-1-g8b1a95d (webtiles) character file.

61 slep the Skirmisher (level 3, -1/30 HPs)
             Began as a Demonspawn Abyssal Knight on Oct 25, 2017.
             Was a Follower of Lugonu.
             Slain by a hobgoblin
             ... wielding a +0 club
              (5 damage)
             ... on level 2 of the Dungeon.
             The game lasted 00:05:34 (932 turns).

slep the Skirmisher (Demonspawn Abyssal Knight)      Turns: 932, Time: 00:05:35

Health: -1/30      AC:  3    Str: 12    XL:     3   Next: 83%
Magic:  8/13       EV: 11    Int: 13    God:    Lugonu [*.....]
Gold:   51         SH:  0    Dex: 13    Spells: 2/2 levels left

rFire    . . .     SeeInvis .   a - +1 falchion
rCold    . . .     Gourm    .   (no shield)
rNeg     . . .     Faith    .   b - +0 leather armour
rPois    .         Spirit   .   (helmet restricted)
rElec    .         Reflect  .   (no cloak)
rCorr    .         Harm     .   (no gloves)
MR       .....                  (no boots)
Stlth    +.........             (no amulet)
Regen    1.1/turn               n - ring of magical power
MPRegen  0.2/turn               (no ring)

@: lethally poisoned (-1 -> -1)
A: antennae 1, powered by death 1
a: Depart the Abyss, Renounce Religion


You were on level 2 of the Dungeon.
You worshipped Lugonu.
Lugonu was aware of your devotion.
You were not hungry.

You visited 1 branch of the dungeon, and saw 2 of its levels.
You visited the Abyss 1 time.

You collected 51 gold pieces.

Inventory:

Hand Weapons
 a - a +1 falchion (weapon)
Missiles
 k - 5 javelins of penetration (quivered)
Armour
 b - a +0 leather armour (worn)
Jewellery
 n - a ring of magical power (left hand)
Scrolls
 i - a scroll of identify {unknown}
 j - a scroll of magic mapping {unknown}
Potions
 d - a potion of flight {unknown}
 e - a potion of brilliance {unknown}
 g - a potion of heal wounds {unknown}
 h - a potion of resistance {unknown}
 m - a potion of curing {unknown}
Comestibles
 c - 3 bread rations
 f - 2 meat rations
 l - a royal jelly


   Skills:
 + Level 3.7 Fighting
 + Level 2.2 Long Blades
 + Level 0.1 Throwing
 + Level 2.4 Armour
 + Level 1.3 Dodging
 + Level 0.2 Stealth
 + Level 2.5 Invocations


You had 2 spell levels left.
You didn't know any spells.

Dungeon Overview and Level Annotations

Branches:
Dungeon (2/15)

Altars:
Xom


Innate Abilities, Weirdness & Mutations

You have a pair of small antennae on your head.
You regenerate a little health from kills.


Message History

The hobgoblin hits you but does no damage.
The adder bites you but does no damage.
You miss the adder.
The adder is almost dead.
You feel sick. The adder bites you but does no damage.
The hobgoblin hits you with a club.
* * * LOW HITPOINT WARNING * * *
The adder bites you but does no damage.
You barely miss the adder.
The adder is almost dead.
The hobgoblin completely misses you. The adder bites you.
* * * LOW HITPOINT WARNING * * *
You hit the adder.
You kill the adder!
Lugonu accepts your kill.
The hobgoblin hits you but does no damage.
You hit the hobgoblin.
The hobgoblin is moderately wounded.
You feel sick. The hobgoblin hits you with a club.
You die...

## ###############.
#............#.###
#..............((#
#####.####..........
......# #.#####g.#
......# #.# #@#
#####.# ##.## #.#
#.###...## #.#
#.##.....###.#
#.#.......#..#
#....._.....##
#.#.......#..#
####.....###.#
##...##.#.#


You could see a hobgoblin.

Vanquished Creatures
  2 adders (D:2)
  A gnoll (D:1)
  An ooze (D:1)
  A worm (D:2)
  A ball python (D:1)
  3 goblins (D:1)
  6 hobgoblins (D:1)
  4 bats (D:1)
  A frilled lizard (D:1)
  6 kobolds (D:1)
  A rat (D:1)
27 creatures vanquished.

Vanquished Creatures (others)
  A bat (D:1)
1 creature vanquished.

Grand Total: 28 creatures vanquished

Notes
Turn   | Place    | Note
-------+----------+-------------------------------------------
     0 | Abyss:1  | slep the Demonspawn Abyssal Knight began the quest for the Orb.
     0 | Abyss:1  | Reached XP level 1. HP: 18/18 MP: 2/2
    38 | Abyss:1  | Noticed a hell hound
    42 | D:1      | Escaped the Abyss
    51 | D:1      | Reached skill level 1 in Dodging
    51 | D:1      | Gained mutation: You regenerate a little health from kills. [demonic ancestry]
    51 | D:1      | Reached XP level 2. HP: 2/24 MP: 1/3
    86 | D:1      | HP: 1/24 [ball python (1)]
   185 | D:1      | Reached * piety under Lugonu
   366 | D:1      | Gained mutation: You have a pair of small antennae on your head. [demonic ancestry]
   366 | D:1      | Reached XP level 3. HP: 17/29 MP: 4/4
   858 | D:2      | Found a shimmering altar of Xom.
   932 | D:2      | Slain by a hobgoblin

Skill      XL: |  1  2 |
---------------+-------+-----
Armour         | 2 |  2.4
Dodging        | 1 |  1.3
Long Blades    | 2 |  2.2
Fighting       | |  3.7
Throwing       | |  0.1
Stealth        | |  0.2
Invocations    | |  2.5

Action                   || total
-------------------------++-------
Melee: Falchion          ||    94
Throw: Javelin           ||     8
Invok: Depart the Abyss  ||     1
 Stab: Sleeping          ||     1
Armor: Leather armour    ||    27
Dodge: Dodged            ||    58
       Rpst.: Falchion   ||    16
